 Dungeon Crawl Stone Soup version 0.20.2-3-g29329e0561 (webtiles) character file.

588 Alfie the Shield-Bearer (level 7, -7/61 HPs)
             Began as a Minotaur Fighter on Feb 3, 2021.
             Mangled by Menkaure (20 damage)
             ... on level 4 of the Dungeon.
             The game lasted 00:06:59 (2642 turns).

Alfie the Shield-Bearer (Minotaur Fighter)          Turns: 2642, Time: 00:07:00

Health: -7/61      AC:  7    Str: 22    XL:     7   Next: 15%
Magic:  6/6        EV:  9    Int:  5    God:
Gold:   162        SH: 10    Dex: 10    Spells: 6/6 levels left

rFire    . . .     SeeInvis .   a - +0 long sword
rCold    . . .     Gourm    .   c - +0 shield
rNeg     . . .     Faith    .   b - +0 scale mail
rPois    .         Spirit   .   (helmet restricted)
rElec    .         Reflect  .   (no cloak)
rCorr    .         Harm     .   (no gloves)
MR       .....                  (no boots)
Stlth    ..........             (no amulet)
Regen    0.2/turn               (no ring)
MPRegen  0.1/turn               (no ring)

@: no status effects
A: retaliatory headbutt, horns 2
a: no special abilities


You were on level 4 of the Dungeon.
You were not hungry.

You visited 1 branch of the dungeon, and saw 4 of its levels.

You collected 162 gold pieces.

Inventory:

Hand Weapons
 a - a +0 long sword (weapon)
Missiles
 s - 5 tomahawks (quivered)
Armour
 b - a +0 scale mail (worn)
 c - a +0 shield (worn)
Jewellery
 e - an uncursed amulet of the gourmand {unknown}
 v - an uncursed ring of stealth {unknown}
Wands
 m - a wand of acid (7/15)
Scrolls
 g - 3 scrolls of identify {unknown}
 h - a scroll of teleportation {unknown}
 i - a scroll of immolation {unknown}
 o - 2 scrolls of remove curse {unknown}
 p - 2 scrolls of enchant weapon {unknown}
 t - a scroll of blinking {unknown}
 w - a scroll of recharging {unknown}
Potions
 d - 2 potions of might
 j - 2 potions of curing
 l - a potion of agility {unknown}
 q - a potion of ambrosia {unknown}
 r - a potion of haste {unknown}
Comestibles
 f - a bread ration
 k - 2 meat rations
 n - 2 royal jellies
 u - 4 fruits


   Skills:
 + Level 5.1 Fighting
 + Level 5.6 Long Blades
 + Level 5.2 Armour
 + Level 2.4 Dodging
 + Level 0.3 Stealth
 + Level 5.7 Shields


You had 6 spell levels left.
You didn't know any spells.

Dungeon Overview and Level Annotations

Branches:
Dungeon (4/15)
 Temple: D:4-7

Altars:
Zin

Annotations:
D:4 Menkaure


Innate Abilities, Weirdness & Mutations

You reflexively headbutt those who attack you in melee.
You have a pair of horns on your head.


Message History

You barely miss the orc priest.
The orc priest hits you but does no damage.
Menkaure mumbles some strange words.
Menkaure seems to speed up.
You hit the orc priest. You headbutt the orc priest.
The orc priest is moderately wounded.
The orc priest hits you but does no damage.
You barely miss the orc priest.
The orc priest is moderately wounded.
The orc priest hits you with a club.
You hit the orc priest. Your headbutt misses the orc priest.
The orc priest is severely wounded.
The orc priest barely misses you.
You slash the orc priest!
You kill the orc priest!
Menkaure calls on the powers of darkness!
Your body is wracked with pain!
* * * LOW HITPOINT WARNING * * *
Menkaure hits you!!
You die...

......#...........#.... #.......#
......#####'##....# #.....###
.>....#.....##....# #.....#
......#.....##...## #.....#..
.<....#.....##...# #.....#..
......#......#...# #.....#..
......#......#...# #.....#..
......#....<.#...# #.....#..
......#.....####@# #....###.
#############...M....####....###.
#........#....†......
#........+...........
#........#...........
#>.......#...........
#........#.####+##### .......###.
.


You could see Menkaure.

Vanquished Creatures
  Grinder (D:4)
  Sigmund (D:3)
  A hound (D:4)
  An orc priest (D:4)
  A bullfrog skeleton (D:4)
  An orc wizard (D:4)
  A howler monkey skeleton (D:4)
  An adder (D:3)
  A shadow imp (D:3)
  5 worms (D:2)
  2 dart slugs
  4 leopard geckos
  4 orcs
  3 bats (D:1)
  2 giant cockroaches
  7 goblins
  A hobgoblin (D:3)
  9 jackals (D:2)
  4 quokkas
  4 frilled lizards
  9 kobolds
  6 rats
69 creatures vanquished.

Notes
Turn   | Place    | Note
-------+----------+-------------------------------------------
     0 | D:1      | Alfie the Minotaur Fighter began the quest for the Orb.
     0 | D:1      | Reached XP level 1. HP: 19/19 MP: 0/0
   281 | D:1      | Reached XP level 2. HP: 24/27 MP: 1/1
   805 | D:2      | Reached XP level 3. HP: 25/33 MP: 2/2
  1579 | D:3      | Reached XP level 4. HP: 36/40 MP: 3/3
  1663 | D:3      | Reached skill level 1 in Dodging
  1714 | D:3      | You fall through a shaft!
  1766 | D:4      | Reached XP level 5. HP: 23/46 MP: 4/4
  1925 | D:3      | Noticed Sigmund
  1954 | D:3      | Killed Sigmund
  1954 | D:3      | Reached skill level 5 in Shields
  1954 | D:3      | Reached XP level 6. HP: 21/53 MP: 5/5
  2091 | D:3      | Found a glowing silver altar of Zin.
  2549 | D:4      | Noticed Grinder
  2564 | D:4      | Paralysed by Grinder for 6 turns
  2575 | D:4      | Killed Grinder
  2575 | D:4      | Reached skill level 5 in Fighting
  2575 | D:4      | Reached skill level 5 in Long Blades
  2575 | D:4      | Reached skill level 5 in Armour
  2575 | D:4      | Reached XP level 7. HP: 11/61 MP: 6/6
  2637 | D:4      | Noticed Menkaure
  2642 | D:4      | Mangled by Menkaure

Skill      XL: |  1  2  3  4  5  6 |
---------------+-------------------+-----
Fighting       | 4 5 |  5.1
Shields        | 4 5 |  5.7
Long Blades    | 3 4 5 |  5.6
Armour         | 4 5 |  5.2
Dodging        | 1 2 |  2.4
Stealth        | |  0.3

Action                   |  1- 3 |  4- 6 |  7- 9 || total
-------------------------+-------+-------+-------++-------
Melee: Long sword        |    99 |    83 |    11 ||   193
       Headbutt          |    22 |    10 |     3 ||    35
  Use: Potion            |       |     2 |       ||     2
  Eat: Bread ration      |     1 |     1 |       ||     2
Armor: Scale mail        |    45 |    36 |     1 ||    82
       Skin              |       |     6 |       ||     6
Dodge: Dodged            |    29 |    30 |     3 ||    62
Block: Shield            |    56 |    42 |     5 ||   103
       Rpst.: Long sword |     5 |     6 |       ||    11
